 Seeded DCSS version 0.30-a0-1075-gcd70e7a56d (webtiles) character file.

Game seed: 13092252247883025746 (custom seed)

112 Pimp the Ducker (level 4, 0/24 HPs)
             Began as a Spriggan Monk on Apr 14, 2023.
             Slain by a scorpion (5 damage)
             ... on level 4 of the Dungeon.
             The game lasted 00:06:16 (2942 turns).

Pimp the Ducker (Spriggan Monk)                     Turns: 2942, Time: 00:06:16

Health: 0/24       AC:  2    Str: 13    XL:     4   Next: 64%
Magic:  5/5        EV: 20    Int: 11    God:
Gold:   151        SH:  0    Dex: 19    Spells: 3/3 levels left

rFire   . . .      SeeInvis +    a - +1 short sword
rCold   . . .      Faith    .    d - orb {light}
rNeg    + . .      Spirit   .    b - +0 robe
rPois   +          Reflect  .    (helmet restricted)
rElec   .          Rampage  .    (no cloak)
rCorr   .                        (gloves unavailable)
Will    .....                    (boots unavailable)
Stlth   +                        (no amulet)
HPRegen 0.24/turn                s - ring "Zionyinu" {rN+ Str+6}
MPRegen 0.09/turn                c - ring of poison resistance

@: lethally poisoned (0 -> -9), glowing, very quick
A: very small, no large weapons, unfitting armour, see invisible, speed 3
a: no special abilities


You were on level 4 of the Dungeon.
You visited 1 branch of the dungeon, and saw 4 of its levels.

You collected 151 gold pieces.

Inventory:

Hand Weapons
 a - a +1 short sword (weapon)
Armour
 b - a +0 robe (worn)
 d - an orb of light (worn)
Jewellery
 c - a ring of poison resistance (right hand)
 s - the ring "Zionyinu" (left hand) {rN+ Str+6}
   (You found it on level 4 of the Dungeon)

   [ring of strength]

   Str:       It affects your strength (+6).
   rN:        It protects you from negative energy.
Scrolls
 e - a scroll of torment {unknown}
 g - a scroll of silence
 h - a scroll of fog {unknown}
 j - 2 scrolls of identify
 k - a scroll of teleportation
 p - a scroll of noise {unknown}
 q - 2 scrolls of vulnerability {unknown}
Potions
 i - a potion of might {unknown}
 l - a potion of cancellation {unknown}
 m - a potion of mutation {unknown}
 n - a potion of lignification {unknown}
 o - 2 potions of curing
 r - a potion of resistance {unknown}


   Skills:
 + Level 3.0 Fighting
 + Level 4.1 Short Blades
 + Level 5.0 Dodging
 + Level 4.6 Stealth


You had 3 spell levels left.
You didn't know any spells.
Your spell library contained the following spells:

 Spells                   Type           Power      Damage    Failure   Level
 Kiss of Death            Conj/Necr      0%         2d5       34%         1
 Magic Dart               Conj           0%         1d3       34%         1
 Call Imp                 Summ           0%         N/A       47%         2
 Scorch                   Fire           0%         2d5       47%         2
 Dazzling Flash           Conj/Hex       0%         N/A       71%         3
 Mephitic Cloud           Conj/Pois/Air  0%         N/A       71%         3
 Portal Projectile        Hex/Tloc       0%         N/A       71%         3
 Tukima's Dance           Hex            0%         N/A       71%         3
 Flame Wave               Conj/Fire      0%         2d4       98%         4
 Agony                    Necr           0%         N/A       100%        5
 Blade Hands              Tmut           0%         N/A       100%        5
 Silence                  Hex/Air        0%         N/A       100%        5
 Summon Cactus Giant      Summ           0%         N/A       100%        6


Dungeon Overview and Level Annotations

Branches:
Dungeon (4/15)
 Temple: D:4-7

Altars:
Cheibriados
Hepliaklqana
Qazlal
Sif Muna
Yredelemnul

Shops:
D:1 *


Innate Abilities, Weirdness & Mutations

You are very small and have problems with some larger weapons.
You are too small for most types of armour.
You have supernaturally acute eyesight. (SInv)
You cover ground extremely quickly. (Speed+++)


Message History

The scorpion is attracted toward you. The scorpion is attracted toward you.
The scorpion is attracted toward you. The scorpion is attracted toward you.
You see here a hobgoblin corpse.
The scorpion is attracted toward you.
Found a runed agate ring.
Found an escape hatch in the ceiling.
The scorpion is attracted toward you.
Found a viscous grey potion.
The scorpion is attracted toward you. The scorpion is attracted toward you.
You see here a ring of poison resistance.
c - a ring of poison resistance The scorpion closely misses you.
The scorpion completely misses you.
Okay, then.
c - a ring of poison resistance (right hand)
You barely miss the scorpion.
The scorpion is moderately wounded.
The scorpion completely misses you.
You barely miss the scorpion.
The scorpion is moderately wounded.
The scorpion stings you.
* * * LOW HITPOINT WARNING * * *
You hit the scorpion.
The scorpion is heavily wounded.
The scorpion stings you.
* * * LOW HITPOINT WARNING * * *
It was a potion of curing.
You feel better. The scorpion closely misses you.
You feel less attractive to monsters.
You hit the scorpion but do no damage.
The scorpion is heavily wounded.
The scorpion stings you.
You are lethally poisoned!
The scorpion poisons you!
You hit the scorpion but do no damage.
The scorpion is heavily wounded.
* * * LOW HITPOINT WARNING * * *
You feel very sick. The scorpion stings you.
You die...

#############
##.....#.....##
##.............##
#.!.............#
#...............#
#..<.@..........#
#....s..........#
#.............<.#
#...........>...#
##..............#
##...........#.####
######.######....# #####
##.#........##
.....########..#.########


You could see a scorpion.

Vanquished Creatures
  5 adders
  A dart slug (D:1)
  8 ball pythons
  6 endoplasms
  5 giant cockroaches
  4 goblins
  6 hobgoblins
  10 jackals
  A quokka (D:2)
  4 bats (D:1)
  5 frilled lizards
  2 kobolds
  2 rats
59 creatures vanquished.

Notes
Turn   | Place    | Note
-------+----------+-------------------------------------------
     0 | D:1      | Pimp the Spriggan Monk began the quest for the Orb.
     0 | D:1      | Reached XP level 1. HP: 11/11 MP: 2/2
    77 | D:1      | Reached XP level 2. HP: 10/16 MP: 3/3
   761 | D:1      | Reached XP level 3. HP: 19/19 MP: 4/4
   762 | D:1      | Found Wakk's Assorted Antiques.
  1137 | D:2      | Found a faded altar of an unknown god.
  1145 | D:2      | Got Plato's Grimoire of Blasting
  1309 | D:2      | Found a stormy altar of Qazlal.
  1953 | D:3      | Found a snail-covered altar of Cheibriados.
  2008 | D:3      | Found a shimmering blue altar of Sif Muna.
  2096 | D:3      | Reached XP level 4. HP: 23/23 MP: 5/5
  2114 | D:3      | Found a hazy altar of Hepliaklqana.
  2410 | D:3      | Found a basalt altar of Yredelemnul.
  2812 | D:4      | Reached skill level 5 in Dodging
  2820 | D:4      | Identified the ring "Zionyinu" {rN+ Str+6}
  2871 | D:4      | Noticed a scorpion
  2942 | D:4      | Slain by a scorpion

Illustrated notes

Levels and vault maps discovered:
D:1:      amcnicky_arrival_abandoned_market, layout_loops_ring, serial_shops,
          nicolae_diamond_shop
D:2:      layout_basic, shapermc_ecumenical_altar_rom_forum, basic_altar
D:3:      layout_loops_ring, mainiacjoe_overflow_small_starburst,
          nicolae_overflow_crystal_walls, cheibriados_altar_1,
          nzn_hepliaklqana_mist_gate
D:4:      layout_rooms, chequers_mini_garden, uniq_eustachio

Skill      XL: |  1  2  3  4 |
---------------+-------------+-----
Stealth        | 4 |  4.6
Fighting       | 3 |  3.0
Short Blades   | 4 |  4.1
Dodging        | 5 |  5.0

Action                     |  1- 3 |  4- 6 || total
---------------------------+-------+-------++-------
  Melee: Short sword       |   155 |    67 ||   222
    Use: Scroll            |       |     4 ||     4
         Potion            |       |     3 ||     3
   Stab: Sleeping          |     2 |     1 ||     3
         Distracted        |       |     1 ||     1
 Armour: Robe              |    10 |     4 ||    14
  Dodge: Dodged            |   151 |    49 ||   200

Table legend: (Time is in decaauts)
 A = Elapsed time spent in this place.
 B = Non-inter-level travel time spent in this place.
 C = Inter-level travel time spent in this place.
 D = Time resting spent in this place.
 E = Time spent auto-exploring this place.
 F = Levels seen in this place.
 G = Mean time per level.
                   A        B        C        D        E       F      G
               +--------+--------+--------+--------+--------+-----+--------+
         Total |   1935 |   1853 |     82 |    140 |   1266 |   4 |  483.8 |
       Dungeon |   1935 |   1853 |     82 |    140 |   1266 |   4 |  483.8 |
               +--------+--------+--------+--------+--------+-----+--------+

Top non-repeatable levels by time:
     D:2: 695 daAuts
     D:1: 587 daAuts
     D:3: 529 daAuts
     D:4: 124 daAuts
